AoeStats
← Lambdλ

Arabia

510167676Analyzed
3v3 RM · 4d ago on Sep 29, 2026· 59m 1s· 6 players
Game mode
Random Map
Map size
Normal (6 player)
Population
200
Speed
Normal
Resources
Standard
Victory
Conquest
Starting age
Dark Age
Ending age
Imperial Age
RankedLock teamsTeams togetherTeam positionsShared explorationLock speedFull tech treeHidden civsTurbo modeCheats
Victory
Defeat
🇫🇷 Mongols · France
1162
+9
🇫🇷 Burgundians · France
963
+46
🇫🇷 Goths · France
829
+56
🇦🇷 Turks · Argentina
998
-17
🇫🇷 Tatars · France
992
-16
🇳🇴 Celts · Norway
959
-15
WarrickFr
6:02 Loom
9:02 Feudal Age
9:58 Double-Bit Axe
20:27 Castle Age
18:32 Gold Mining
20:18 Horse Collar
21:33 Bloodlines
21:31 Scale Barding Armor
21:37 Forging
23:00 Chain Barding Armor
24:54 Iron Casting
27:20 Husbandry
36:20 Imperial Age
34:26 Wheelbarrow
33:37 Town Watch
34:38 Fletching
34:52 Light Cavalry
36:46 Hand Cart
37:18 Elite Skirmisher
37:26 Hussar
41:58 Bodkin Arrow
42:32 Padded Archer Armor
43:36 Ballistics
44:17 Chemistry
45:01 Leather Archer Armor
44:50 Bracer
45:44 Parthian Tactics
46:17 Thumb Ring
46:40 Leather Archer Armor
47:39 Thumb Ring
49:31 Conscription
54:21 Bow Saw
54:48 Elite Mangudai
57:26 Caravan
Lambdλ
7:45 Loom
9:39 Feudal Age
10:25 Double-Bit Axe
13:10 Horse Collar
19:18 Castle Age
18:09 Forging
18:00 Scale Mail Armor
20:55 Stone Mining
21:19 Bow Saw
21:12 Heavy Plow
22:25 Wheelbarrow
25:15 Hand Cart
25:18 Town Watch
26:04 Gold Mining
27:40 Anarchy
28:50 Squires
29:28 Iron Casting
28:53 Scale Mail Armor
30:16 Stone Shaft Mining
29:46 Scale Mail Armor
35:33 Imperial Age
33:33 Chain Mail Armor
36:42 Conscription
36:22 Perfusion
35:43 Elite Huskarl
36:09 Pikeman
38:16 Two-Man Saw
37:48 Crop Rotation
38:22 Blast Furnace
40:23 Man-at-Arms
40:24 Halberdier
41:18 Long Swordsman
43:23 Two-Handed Swordsman
44:45 Champion
jfd72
11:18 Loom
13:50 Feudal Age
14:28 Double-Bit Axe
14:49 Horse Collar
16:35 Bow Saw
17:18 Heavy Plow
20:26 Loom
21:17 Wheelbarrow
20:29 Town Watch
20:37 Gold Mining
20:38 Stone Mining
32:04 Castle Age
35:34 Stone Shaft Mining
38:26 Gold Shaft Mining
51:22 Hand Cart
51:15 Town Patrol
54:49 Forging
54:41 Scale Mail Armor
54:47 Scale Barding Armor
54:44 Padded Archer Armor
54:34 Fletching
Slokurn
6:55 Loom
10:20 Feudal Age
17:46 Castle Age
18:04 Fletching
19:20 Double-Bit Axe
24:24 Horse Collar
32:07 Bodkin Arrow
32:13 Padded Archer Armor
32:20 Gold Mining
35:24 Scale Barding Armor
36:55 Silk Armor
40:10 Forging
40:21 Chain Barding Armor
44:37 Imperial Age
48:41 Plate Barding Armor
48:42 Iron Casting
48:54 Elite Keshik
49:59 Man-at-Arms
50:56 Squires
52:01 Blast Furnace
50:49 Long Swordsman
52:13 Two-Handed Swordsman
andenore
11:31 Feudal Age
13:21 Double-Bit Axe
16:58 Wheelbarrow
16:55 Forging
17:05 Horse Collar
19:02 Scale Mail Armor
21:37 Gold Mining
24:25 Castle Age
22:52 Stone Mining
24:42 Pikeman
26:01 Hand Cart
26:24 Loom
27:23 Gold Shaft Mining
28:13 Bow Saw
28:07 Heavy Plow
30:03 Man-at-Arms
32:10 Long Swordsman
32:37 Gambesons
37:22 Arson
37:32 Stronghold
38:47 Stone Shaft Mining
39:06 Ballistics
43:04 Guard Tower
43:23 Murder Holes
43:40 Masonry
43:41 Fortified Wall
47:52 Crossbowman
Milei
2:46 Loom
10:06 Feudal Age
12:25 Double-Bit Axe
12:51 Town Watch
13:40 Horse Collar
20:47 Castle Age
22:26 Bow Saw
22:31 Heavy Plow
22:25 Stone Mining
28:30 Wheelbarrow
31:49 Imperial Age
32:37 Fletching
36:05 Conscription
36:58 Elite Janissary
40:36 Padded Archer Armor
41:35 Leather Archer Armor
44:31 Ring Archer Armor
44:59 Bodkin Arrow
48:14 Gold Mining
48:51 Scale Barding Armor
50:32 Bloodlines
50:22 Husbandry
52:25 Chain Barding Armor
52:16 Forging
52:34 Hand Cart
Connection lost

Rejoining the realm…

Still unreachable

The connection could not be restored.

Session expired

The server has moved on; the page needs a fresh start.